 Dungeon Crawl Stone Soup version 0.21.1-1-g345015f (webtiles) character file.

50 wilfster70 the Sneak (level 3, -2/25 HPs)
             Began as a Gnoll Enchanter on July 4, 2018.
             Was an Initiate of Kikubaaqudgha.
             Slain by a hound (5 damage)
             ... on level 3 of the Dungeon.
             The game lasted 00:04:18 (1272 turns).

wilfster70 the Sneak (Gnoll Enchanter)              Turns: 1272, Time: 00:04:19

Health: -2/25      AC:  3    Str: 10    XL:     3   Next: 79%
Magic:  9/9        EV: 14    Int: 23    God:    Kikubaaqudgha [......]
Gold:   107        SH:  0    Dex: 15    Spells: 6/12 levels left

rFire    . . .     SeeInvis .   b - +2 spear (venom)
rCold    . . .     Gourm    .   (no shield)
rNeg     . . .     Faith    .   g - +0 robe
rPois    .         Spirit   .   j - +0 helmet
rElec    .         Reflect  .   (no cloak)
rCorr    .         Harm     .   (no gloves)
MR       .....                  (no boots)
Stlth    +++.......             (no amulet)
HPRegen  0.08/turn              (no ring)
MPRegen  0.11/turn              (no ring)

@: brilliant
A: distributed training, fangs 1, strong nose
a: Renounce Religion


You were on level 3 of the Dungeon.
You worshipped Kikubaaqudgha.
Kikubaaqudgha was noncommittal.
You were not hungry.

You visited 1 branch of the dungeon, and saw 3 of its levels.

You collected 107 gold pieces.

Inventory:

Hand Weapons
 a - a +1 dagger
 b - a +2 spear of venom (weapon)
Missiles
 e - 45 stones (quivered)
 m - 14 sling bullets
Armour
 g - a +0 robe (worn)
 j - a +0 helmet (worn)
Scrolls
 f - 2 scrolls of immolation {unknown}
 h - a scroll of enchant armour {unknown}
 k - 3 scrolls of identify {unknown}
 n - a scroll of enchant weapon {unknown}
 o - a scroll of fear {unknown}
Potions
 i - a potion of brilliance
 l - a potion of lignification {unknown}
 p - a potion of degeneration {unknown}
Books
 c - a book of Maledictions

   Spells                             Type                      Level
   a - Corona                         Hexes                        1
   b - Ensorcelled Hibernation        Hexes/Ice                    2
   c - Confuse                        Hexes                        3
   d - Tukima's Dance                 Hexes                        3
   e - Dazzling Spray                 Conjuration/Hexes            3
Comestibles
 d - 7 rations
 q - 2 chunks of flesh


   Skills:
 + Level 0.9 Fighting
 + Level 2.6 Short Blades
 + Level 0.9 Long Blades
 + Level 0.9 Axes
 + Level 0.9 Maces & Flails
 + Level 0.9 Polearms
 + Level 0.9 Staves
 + Level 0.9 Slings
 + Level 0.9 Bows
 + Level 0.9 Crossbows
 + Level 0.9 Throwing
 + Level 0.9 Armour
 + Level 4.5 Dodging
 + Level 6.0 Stealth
 + Level 0.9 Shields
 + Level 0.9 Unarmed Combat
 + Level 5.0 Spellcasting
 + Level 0.6 Conjurations
 + Level 5.4 Hexes
 + Level 0.6 Charms
 + Level 0.6 Summonings
 + Level 0.6 Necromancy
 + Level 0.6 Translocations
 + Level 0.6 Transmutations
 + Level 0.6 Fire Magic
 + Level 0.6 Ice Magic
 + Level 0.6 Air Magic
 + Level 0.6 Earth Magic
 + Level 0.6 Poison Magic
 + Level 1.0 Invocations
 + Level 0.9 Evocations


You had 6 spell levels left.
You knew the following spells:

 Your Spells              Type           Power        Failure   Level  Hunger
a - Corona                Hex            #####..      1%          1    None
b - Ensorcelled Hibernat  Hex/Ice        ####..       1%          2    None
c - Confuse               Hex            #####...     1%          3    ##.....


Dungeon Overview and Level Annotations

Branches:
Dungeon (3/15)

Altars:
Kikubaaqudgha
Makhleb


Innate Abilities, Weirdness & Mutations

Your experience applies equally to all skills.
You have very sharp teeth.
Your uncanny sense of smell can sniff out nearby items.


Message History

Found an escape hatch in the ceiling.
You hit the hound but do no damage.
The hound is poisoned.
The hound bites you.
* * * LOW HITPOINT WARNING * * *
The hound misses you.
You barely miss the hound. The hound barely misses you.
You hit the hound.
The hound is lightly wounded.
The hound closely misses you. The hound bites you.
* * * LOW HITPOINT WARNING * * *
The hound barely misses you. The hound bites you.
* * * LOW HITPOINT WARNING * * *
It was a potion of brilliance.
You feel clever all of a sudden. The hound barely misses you.
You hit the hound.
The hound is heavily wounded.
The hound bites you.
You die...
Kikubaaqudgha rasps: "You have failed me!
Welcome... death!"

## # ∆ ..#.
#.#.# .# #....#
.##.## ##.#. .##
......
#....##.##.....<
#.....<@........
#....#.h........
##.#............
##..†..........
##.#.....####
#.###.### #. #.#
.. ... #. ....


You could see a hound.

Vanquished Creatures
  An adder (D:3)
  2 worms (D:2)
  2 dart slugs (D:1)
  3 leopard geckos
  4 bats
  A giant cockroach (D:1)
  3 goblins
  3 hobgoblins
  4 kobolds
  2 frilled lizards
  4 rats
29 creatures vanquished.

Notes
Turn   | Place    | Note
-------+----------+-------------------------------------------
     0 | D:1      | wilfster70 the Gnoll Enchanter began the quest for the Orb.
     0 | D:1      | Reached XP level 1. HP: 13/13 MP: 6/6
   247 | D:1      | Reached XP level 2. HP: 19/19 MP: 7/7
   251 | D:1      | Learned a level 2 spell: Ensorcelled Hibernation
   568 | D:2      | Found an ancient bone altar of Kikubaaqudgha.
   568 | D:2      | Found a burning altar of Makhleb.
   574 | D:2      | Became a worshipper of Kikubaaqudgha
   618 | D:2      | Reached XP level 3. HP: 15/25 MP: 9/9
   665 | D:2      | Learned a level 3 spell: Confuse
   716 | D:2      | Reached skill level 5 in Spellcasting
   750 | D:2      | Reached skill level 6 in Stealth
  1077 | D:2      | Reached skill level 1 in Invocations
  1272 | D:3      | Slain by a hound

Skill      XL: |  1  2  3 |
---------------+----------+-----
Spellcasting   | 5 |  5.0
Stealth        | 6 |  6.0
Invocations    | 1 |  1.0
Fighting       | |  0.9
Short Blades   | |  2.6
Long Blades    | |  0.9
Axes           | |  0.9
Maces & Flails | |  0.9
Polearms       | |  0.9
Staves         | |  0.9
Slings         | |  0.9
Bows           | |  0.9
Crossbows      | |  0.9
Throwing       | |  0.9
Armour         | |  0.9
Dodging        | |  4.5
Shields        | |  0.9
Unarmed Combat | |  0.9
Conjurations   | |  0.6
Hexes          | |  5.4
Charms         | |  0.6
Summonings     | |  0.6
Necromancy     | |  0.6
Translocations | |  0.6
Transmutations | |  0.6
Fire Magic     | |  0.6
Ice Magic      | |  0.6
Air Magic      | |  0.6
Earth Magic    | |  0.6
Poison Magic   | |  0.6
Evocations     | |  0.9

Action                   || total
-------------------------++-------
Melee: Spear             ||    76
       Bite              ||     9
  Use: Potion            ||     1
 Stab: Sleeping          ||     6
  Eat: Chunk             ||     1
Armor: Robe              ||     9
Dodge: Dodged            ||    73
